 Dungeon Sprint DCSS version 0.14-a0-2542-g51e44bb (webtiles) character file.

385 Kae the Covert (level 5, -1/24 HPs)
             Began as a Spriggan Enchanter on Feb 10, 2014.
             Slain by Sonja
             ... wielding a +0,+0 short sword of venom
              (5 damage)
             ... in the Dungeon (Sprint I: "Red Sonja").
             The game lasted 00:00:48 (208 turns).

Kae the Covert (Spriggan Enchanter)                  Turns: 208, Time: 00:00:48

HP  -1/24        AC  3     Str  5      XL: 5   Next: 51%
MP  16/20        EV 18     Int 16      God:
Gold 182         SH  0     Dex 17      Spells:  2 memorised, 12 levels left

rFire  . . .     SeeInvis +     a - +1 dagger
rCold  . . .     Clarity  .     b - +1 robe
rNeg   . . .     Conserve .     (shield restricted)
rPois  .         rCorr    .     (helmet restricted)
rElec  .         rRot     .     (no cloak)
SustAb . .       Spirit   .     (gloves unavailable)
rMut   .         Warding  .     (boots unavailable)
Saprov . . .     NoTele   +     (no amulet)
MR     .....                    (no ring)
                                (no ring)

@: short of breath, quite poisoned, slowed, quick, not resistant to hostile
enchantments, extremely stealthy
A: unfitting armour, see invisible, herbivore 3, speed 3, slow metabolism 2
a: no special abilities


You were in the Dungeon.
You were not hungry.

You visited 1 branch You collected 182 gold pieces.

Inventory:

Hand weapons
 a - a +1,+1 dagger (weapon)
Missiles
 d - 12 darts (quivered)
Armour
 b - a +1 robe (worn)
Magical devices
 j - a wand of digging (4) {unknown}
Scrolls
 k - a scroll of blinking
Potions
 e - a potion of porridge
 f - a potion of curing
 g - a potion of heal wounds
 h - a potion of speed
 i - 2 potions of magic
Books
 c - a book of Maledictions

   Spells                             Type                      Level
   *Corona                            Hexes                        1
   Sure Blade                         Hexes/Charms                 2
   *Ensorcelled Hibernation           Hexes/Ice                    2
   Confuse                            Hexes                        3
   Enslavement                        Hexes                        4
   Invisibility                       Hexes                        6


   Skills:
 * Level 7.6 Short Blades
 - Level 1.1 Throwing
 - Level 3.0 Dodging
 * Level 11.1 Stealth
 + Level 5.6 Spellcasting
 + Level 6.1 Hexes


You had 12 spell levels left.
You knew the following spells:

 Your Spells              Type           Power        Failure   Level  Hunger
a - Corona                Hex            ###....      1%          1    None
b - Ensorcelled Hibernat  Hex/Ice        ##....       10%         2    #......


Dungeon Overview and Level Annotations

Branches:
Dungeon (1/1)

Altars:
Kikubaaqudgha
Sif Muna

Annotations:
D Sonja


Innate Abilities, Weirdness & Mutations

You are tiny and cannot use many weapons and most armour.
You have supernaturally acute eyesight.
You are a herbivore.
You cover ground extremely quickly.
You need consume almost no food.


Message History

The curare-tipped needle hits you!
You are poisoned.
You have difficulty breathing.
You feel yourself slow down.
You feel sick.
Sonja unwields an uncursed blowgun.
Sonja wields an uncursed short sword of venom.
It begins to drip with poison!
Sonja closely misses you.
Sonja hits you with an uncursed short sword of venom.
Sonja barely misses you.
There is an open door here.
Casting: Ensorcelled Hibernation
Confirm with . or Enter, or press ? or * to list all spells.
Aiming: Ensorcelled Hibernation
Press: ? - help, Shift-Dir - straight line, f/p - Sonja
Aim: Sonja, wielding a short sword of venom Sonja resists with significant effort.
Sonja hits you with an uncursed short sword of venom!
* * * LOW HITPOINT WARNING * * *
You are more poisoned.
Sonja hits you with an uncursed short sword of venom.
You die...

#<.#..'..#.)'..#
#..%).#..'..#..+
#..#####'#####'#
#..# #..# #.#
#..# #### ##.#
#..# #+#..+ #⌠⌠#
+..._# ####
#_(#+# ##@# #K#
$.$ #$.$# ##.##
#+#


You could see Sonja.

Vanquished Creatures
  An ogre (D)
  Sigmund (D)
  A jelly (D)
  Ijyb (D)
4 creatures vanquished.

Notes
Turn   | Place    | Note
--------------------------------------------------------------
     0 | D        | Kae, the Spriggan Enchanter, began the quest for the Orb.
     0 | D        | Reached XP level 1. HP: 9/9 MP: 4/4
     1 | D        | Noticed Ijyb
    11 | D        | Killed Ijyb
    11 | D        | Reached skill level 6 in Stealth
    11 | D        | Reached XP level 2. HP: 13/13 MP: 5/7
    50 | D        | Learned a level 2 spell: Ensorcelled Hibernation
    51 | D        | Noticed an ogre
    59 | D        | Killed an ogre
    59 | D        | Reached skill level 9 in Stealth
    59 | D        | Reached skill level 5 in Hexes
    59 | D        | Reached XP level 3. HP: 16/16 MP: 1/12
    59 | D        | Reached XP level 4. HP: 21/21 MP: 1/15
   160 | D        | Noticed Sigmund
   163 | D        | Killed Sigmund
   163 | D        | Reached skill level 10 in Stealth
   163 | D        | Reached skill level 5 in Spellcasting
   163 | D        | Reached XP level 5. HP: 24/24 MP: 16/19
   193 | D        | Found a deep blue altar of Sif Muna.
   194 | D        | Noticed a jelly
   195 | D        | Found an ancient bone altar of Kikubaaqudgha.
   201 | D        | Killed a jelly
   201 | D        | Reached skill level 11 in Stealth
   203 | D        | Noticed Sonja
   208 | D        | Slain by Sonja

Action                   |  1- 3 |  4- 6 || total
-------------------------+-------+-------++-------
Melee: Dagger            |    10 |     2 ||    12
 Cast: Corona            |     1 |       ||     1
       Ensorcelled Hiber |     3 |     2 ||     5
  Use: Potion            |     1 |       ||     1
 Stab: Sleeping          |     1 |     2 ||     3
